 Dungeon Crawl Stone Soup version 0.31-a0-986-g5e6e4ef867 (webtiles) character file.

Game seed: 4123112729937722580

67 croobank the Sneak (level 4, 0/31 HPs)
             Began as an Octopode Delver on Nov 9, 2023.
             Slain by a shadow (31 damage)
             ... on level 6 of the Dungeon.
             The game lasted 00:01:56 (195 turns).

croobank the Sneak (Octopode Delver)                 Turns: 195, Time: 00:01:56

Health: 0/31       AC:  1    Str: 11    XL:     4   Next: 18%
Magic:  4/4        EV: 13    Int: 14    God:
Gold:   32         SH:  0    Dex: 13    Spells: 3/3 levels left

rFire   . . .        a - +0 short sword
rCold   . . .        (no shield)
rNeg    . . .        (helmet restricted)
rPois   .            (no amulet)
rElec   .            (no ring)
rCorr   .            (no ring)
SInv    .            (no ring)
Will    .....        (no ring)
Stlth   ++++         (no ring)
HPRegen 0.25/turn    (no ring)
MPRegen 0.09/turn    (no ring)
                     (no ring)

%: no passive effects
@: no status effects
A: almost no armour, amphibious, 8 rings, camouflage 1, gelatinous body 1,
(nimble swimmer 1), tentacles
a: no special abilities


You were on level 6 of the Dungeon.
You visited 1 branch of the dungeon, and saw 2 of its levels.

You collected 32 gold pieces.

Inventory:

Hand Weapons
 a - a +0 short sword (weapon)
Wands
 f - a wand of digging (3)
 g - a wand of roots (8)
Scrolls
 c - a scroll of revelation
 h - a scroll of enchant weapon {unknown}


   Skills:
 + Level 3.5 Fighting
 + Level 2.7 Short Blades
 + Level 2.7 Dodging
 + Level 7.2 Stealth


You had 3 spell levels left.
You didn't know any spells.
Your spell library was empty.

Dungeon Overview and Level Annotations

Branches:
Dungeon (6/15)
 Temple: D:4-7

Altars:

Annotations:
D:5 Ijyb


Innate Abilities, Weirdness & Mutations

You cannot wear most types of armour.
You are amphibious.
You can wear up to eight rings at the same time.
Your skin changes colour to match your surroundings (Stealth+).
Your rubbery body absorbs attacks. (AC +1, EV +1)
((You are camouflaged when in or above water. (Stealth+)))
You have tentacles for arms and can constrict up to eight enemies at once.


Message History

The phantom closely misses you.
The shadow slips into darkness.
The shadow flickers and vanishes!
Deactivating autopickup; reactivate with Ctrl-A.
You closely miss the phantom.
The phantom is moderately damaged.
The hound completely misses you. The phantom hits you.
You closely miss the hound. Your grab misses the hound.
The hound closely misses you. The phantom hits you.
As you read the scroll of fear, it crumbles to dust.
You assume a fearsome visage.
The phantom is unaffected.
The hound looks frightened!
The phantom misses you.
The shadow strikes at you from the darkness!
Ouch! That really hurt!
* * * LOW HITPOINT WARNING * * *
Reactivating autopickup.
You hit the shadow but do no damage. You hit the shadow.
The shadow is moderately damaged.
The shadow closely misses you.
You hit the shadow. Your squeeze misses the shadow.
The shadow is moderately damaged.
The shadow slips into darkness.
The shadow flickers and vanishes!
Deactivating autopickup; reactivate with Ctrl-A.
It was a potion of heal wounds.
You feel much better.
The shadow strikes at you from the darkness!
Ouch! That really hurt!
Reactivating autopickup.
You feel much better. The shadow misses you.
You barely miss the shadow.
You squeeze the shadow, but do no damage.
The shadow is moderately damaged.
The shadow slips into darkness.
The shadow flickers and vanishes!
Deactivating autopickup; reactivate with Ctrl-A.
As you read the scroll of fog, it dissolves into smoke.
The shadow strikes at you from the darkness!
Ouch! That really hurt!
You die...

######## ........
........ ........
.......W ####.########
#.......<
....)ยงยง@{W..#
#........ ##.#.######.#
#........
#.....$.##.####[.......
#
#.......##.......#####o
#. #.......###......# #.
#. #.......# #......# #o
#.##......###......# #.
#..<...............h...+
###.......#####(.#######


You could see a phantom.

Vanquished Creatures
  A hound (D:5)
  An iguana (D:6)
  An adder (D:5)
  A quokka (D:5)
4 creatures vanquished.

Notes
Turn   | Place    | Note
-------+----------+-------------------------------------------
     0 | D:5      | croobank the Octopode Delver began the quest for the Orb.
     0 | D:5      | Reached XP level 1. HP: 16/16 MP: 1/1
     5 | D:6      | Noticed a shadow
    80 | D:5      | Noticed a hound
    91 | D:5      | Killed a hound
    92 | D:5      | Reached skill level 7 in Stealth
    92 | D:5      | Reached XP level 2. HP: 21/21 MP: 2/2
    92 | D:5      | Reached XP level 3. HP: 26/26 MP: 3/3
   126 | D:5      | Noticed Ijyb
   126 | D:5      | Noticed a scorpion
   139 | D:6      | Reached XP level 4. HP: 26/31 MP: 4/4
   171 | D:6      | Noticed a phantom
   195 | D:6      | Slain by a shadow

Illustrated notes

Levels and vault maps discovered:
D:5:      layout_cave_pools, nzn_hepliaklqana_mist_gate, gammafunk_ghost_hive,
          uniq_ijyb, uniq_grinder
D:6:      minmay_evil_eye, layout_basic, sigmund_edmund_badplayer

Skill      XL: |  1 |
---------------+----+-----
Stealth        | 7 |  7.2
Fighting       | |  3.5
Short Blades   | |  2.7
Dodging        | |  2.7

Action                     |  1- 3 |  4- 6 || total
---------------------------+-------+-------++-------
  Melee: Short sword       |    13 |    10 ||    23
         Constrict         |     3 |       ||     3
         Tentacles         |     3 |     2 ||     5
    Use: Potion            |     1 |     2 ||     3
         Scroll            |       |     2 ||     2
   Stab: Sleeping          |     1 |       ||     1
 Armour: Skin              |     4 |     8 ||    12
  Dodge: Dodged            |     4 |     7 ||    11

Table legend: (Time is in decaauts)
 A = Elapsed time spent in this place.
 B = Non-inter-level travel time spent in this place.
 C = Inter-level travel time spent in this place.
 D = Time resting spent in this place.
 E = Time spent auto-exploring this place.
 F = Levels seen in this place.
 G = Mean time per level.
                   A        B        C        D        E       F      G
               +--------+--------+--------+--------+--------+-----+--------+
         Total |    176 |    176 |      0 |     41 |     29 |   2 |   88.0 |
       Dungeon |    176 |    176 |      0 |     41 |     29 |   2 |   88.0 |
               +--------+--------+--------+--------+--------+-----+--------+

Top non-repeatable levels by time:
     D:5: 116 daAuts
     D:6: 59 daAuts
